 Dungeon Crawl Stone Soup version 0.28.0-49-g6dfe1f597d (webtiles) character file.

Game seed: 16161994423252864233

160 Exodus22XD the Insei (level 5, -1/33 HPs)
             Began as an Octopode Transmuter on May 14, 2022.
             Was an Initiate of Zin (penitent).
             Slain by an orc
             ... wielding a +1 mace of holy wrath
              (6 damage)
             ... on level 3 of the Dungeon.
             The game lasted 00:03:05 (2496 turns).

Exodus22XD the Insei (Octopode Transmuter)          Turns: 2496, Time: 00:03:07

Health: -1/33      AC:  1    Str: 11    XL:     5   Next: 41%
Magic:  6/8        EV: 13    Int: 15    God:    Zin [......]
Gold:   75         SH:  0    Dex: 13    Spells: 3/9 levels left

rFire   . . .      SeeInvis .     - Unarmed
rCold   . . .      Faith    .   (no shield)
rNeg    . . .      Spirit   .   (helmet restricted)
rPois   .          Reflect  .   (no amulet)
rElec   .          Harm     .   (no ring)
rCorr   .          Rampage  .   (no ring)
Will    .....                   (no ring)
Stlth   +++.......              (no ring)
HPRegen 0.11/turn               (no ring)
MPRegen 0.11/turn               (no ring)
                                (no ring)
                                (no ring)

@: wereblooded
A: almost no armour, amphibious, 8 rings, camouflage 1, gelatinous body 1,
(nimble swimmer 1), tentacles
a: Renounce Religion, Donate Gold


You were on level 3 of the Dungeon.
You worshipped Zin.
Zin was demanding penance.
You visited 1 branch of the dungeon, and saw 3 of its levels.

You collected 83 gold pieces.
You donated 8 gold pieces to Zin.

Inventory:

Scrolls
 a - a scroll of amnesia {unknown}
 c - a scroll of silence {unknown}
 d - a scroll of blinking {unknown}
 e - a scroll of enchant armour {unknown}
 g - a scroll of noise {unknown}
Potions
 b - a potion of might {unknown}
 f - a potion of curing {unknown}
 h - a potion of degeneration {unknown}


   Skills:
 + Level 1.2 Fighting
 + Level 2.5 Dodging
 + Level 3.6 Stealth
 + Level 4.3 Unarmed Combat
 + Level 2.5 Spellcasting
 + Level 2.3 Transmutations


You had 3 spell levels left.
You knew the following spells:

 Your Spells              Type           Power      Damage    Failure   Level
a - Beastly Appendage     Tmut           16%        N/A       9%          1
b - Wereblood             Tmut           8%         N/A       12%         2
c - Spider Form           Tmut/Pois      5%         N/A       36%         3

Your spell library contained the following spells:

 Spells                   Type           Power      Damage    Failure   Level
 Shock                    Conj/Air       4%         1d3       22%         1
 Swiftness                Air            1%         N/A       54%         3
 Ice Form                 Ice/Tmut       5%         N/A       78%         4
 Airstrike                Air            0%         N/A       91%         4


Dungeon Overview and Level Annotations

Branches:
Dungeon (3/15)

Altars:
Zin

Annotations:
D:2 1 runed translucent door, Crazy Yiuf


Innate Abilities, Weirdness & Mutations

You cannot wear most types of armour.
You are amphibious.
You can wear up to eight rings at the same time.
Your skin changes colour to match your surroundings (Stealth+).
Your rubbery body absorbs attacks. (AC +1, EV +1)
((You are camouflaged when in or above water. (Stealth+)))
You have tentacles for arms and can constrict up to eight enemies at once.


Message History

Casting: Wereblood (safe; 12% risk of failure)
Confirm with . or Enter, or press ? or * to list all spells.
Casting this spell will place you under penance.
Really cast? [Y]es or [N]o only, please.
Casting this spell will place you under penance.
Really cast? [Y]es or [N]o only, please.
Casting this spell will place you under penance.
Really cast?
Your blood is infused with primal strength.
You feel extremely guilty. "You will pay for your transgression, mortal!"
The orc barely misses you.
You closely miss the orc. Your grab misses the orc.
Your squeeze misses the orc.
The orc hits you with a +1 mace of holy wrath.
The orc hits you with a +0 mace.
You barely miss the orc. You grab the orc. You constrict the orc.
The orc misses you.
The orc struggles to escape constriction.
You barely miss the orc. You squeeze the orc!
You feel a bit better.
You kill the orc!
You howl as the wereblood boils in your veins!
The orc hits you with a +1 mace of holy wrath.
You tentacle-slap the orc. You grab the orc.
The orc is severely wounded.
You constrict the orc. The orc completely misses you.
The orc hits you with a +1 mace of holy wrath.
* * * LOW HITPOINT WARNING * * *
The orc hits you but does no damage.
You bludgeon the orc!
You feel a bit better.
You kill the orc!
The orc hits you but does no damage.
The orc hits you with a +1 mace of holy wrath.
* * * LOW HITPOINT WARNING * * *
You tentacle-slap the orc. You grab the orc.
You squeeze the orc, but do no damage.
The orc is moderately wounded.
You howl as the wereblood boils in your veins!
You constrict the orc. The orc misses you.
The orc hits you with a +1 mace of holy wrath.
You die...

###...#####.#####.#.#.
#...# #.#........ #...#
#.#......# #...#
#.#..##..### #...#
#..........## #
####...#####...........
.. .................#..#
#...
.....<...........o..#....
................@r(..#
####...######..o##...#
#...# #.....)......#
#...# ##....##.#####
#...# #.##.# .# #...#
#..... # ..... ####.
.#...#. #. ......# #.


You could see 2 orcs and a rat.

Vanquished Creatures
  A hound (D:2)
  An orc wizard (D:3)
  4 adders
  A worm (D:2)
  A dart slug (D:2)
  6 orcs
  5 bats
  3 endoplasms
  2 giant cockroaches
  2 hobgoblins
  4 jackals (D:2)
  3 quokkas
  3 ball pythons
  4 frilled lizards (D:1)
  5 goblins
  6 kobolds
  9 rats
60 creatures vanquished.

Notes
Turn   | Place    | Note
-------+----------+-------------------------------------------
     0 | D:1      | Exodus22XD the Octopode Transmuter began the quest for the
                  | Orb.
     0 | D:1      | Reached XP level 1. HP: 13/13 MP: 3/3
   138 | D:1      | Reached XP level 2. HP: 10/18 MP: 5/5
   575 | D:1      | Reached skill level 1 in Stealth
   637 | D:1      | Learned a level 2 spell: Wereblood
   899 | D:2      | Reached XP level 3. HP: 17/23 MP: 4/6
  1248 | D:2      | Found a runed translucent door.
  1249 | D:2      | Noticed Crazy Yiuf
  1328 | D:2      | Found a faded altar of an unknown god.
  1355 | D:2      | Prayed at the altar of an unknown god.
  1355 | D:2      | Became a worshipper of Zin the Law-Giver
  1355 | D:2      | Reached * piety under Zin
  1428 | D:2      | Reached XP level 4. HP: 7/28 MP: 7/7
  1433 | D:2      | HP: 1/28 [poisoned by an adder]
  1744 | D:2      | Was placed under penance by Zin
  1746 | D:2      | Reached skill level 4 in Unarmed Combat
  2075 | D:2      | Learned a level 3 spell: Spider Form
  2185 | D:3      | Reached XP level 5. HP: 28/33 MP: 5/8
  2496 | D:3      | Slain by an orc

Illustrated notes

Levels and vault maps discovered:
D:1:      minmay_arrival_hallway, layout_rooms, chequers_serial_rivers_room_a,
          chequers_jeans
D:2:      layout_rooms, chequers_ecumenical_altar_simple_redux,
          uniq_crazy_yiuf_cottage
D:3:      layout_loops_cross, lightli_sewer_entry_pipes

Skill      XL: |  1  2  3  4 |
---------------+-------------+-----
Stealth        | 1 2 3 |  3.6
Unarmed Combat | 4 |  4.3
Fighting       | |  1.2
Dodging        | |  2.5
Spellcasting   | |  2.5
Transmutations | |  2.3

Action                   |  1- 3 |  4- 6 || total
-------------------------+-------+-------++-------
Melee: Unarmed           |    84 |    51 ||   135
       Constrict         |    25 |    15 ||    40
       Tentacles         |    14 |    16 ||    30
       Kick              |     8 |     1 ||     9
       Punch             |     2 |     3 ||     5
 Cast: Beastly Appendage |     6 |     1 ||     7
       Wereblood         |       |     2 ||     2
 Stab: Sleeping          |    11 |     2 ||    13
Armor: Skin              |     6 |     8 ||    14
Dodge: Dodged            |    57 |    43 ||   100
